Map: Éphémèrion EC

Players

defer

  • Race: Protoss Protoss
  • League: Silver
  • Spawn Location: 11:00

IA (très facile) - Winner!

  • Race: Terran Terran
  • Spawn Location: 5:00

VOD

Have the link to the VOD?

Description

Time

  • Played on: Jan. 18, 2020, 8:23 a.m.
  • Length: 5:22
Show
View Real Time Build Order
Export as new Build Order

defer Protoss 

Build Orders: 1 Gate Expand 

Get SALT Encoding   

  12  0:00  Probe  
  13  0:12  Probe  
  14  0:18  Pylon  
  14  0:25  Probe  
  15  0:37  Probe  
  15  0:41  Gateway  
  16  0:49  Probe  
  17  1:01  Probe  
  18  1:13  Probe  
  18  1:16  Nexus  
  19  1:25  Probe  
  20  1:28  Cybernetics Core  
  20  1:36  Assimilator  
  20  1:37  Probe  
  21  1:43  Assimilator  
  21  1:49  Probe  
  21  1:50  Pylon  
  22  2:01  Probe  
  23  2:13  Probe (Chrono Boost)  
  24  2:20  Shield Battery  
  24  2:26  Probe (Chrono Boost)  
  24  2:29  Warp Gate  
  26  2:31  Probe (Chrono Boost)  
  26  2:35  Probe (Chrono Boost)  
  27  2:39  Probe (Chrono Boost)  
  27  2:42  Probe (Chrono Boost)  
  27  2:43  Probe (Chrono Boost)  
  29  2:48  Shield Battery  
  30  2:55  Probe (Chrono Boost)  
  30  2:58  Probe (Chrono Boost)  
  32  3:02  Probe (Chrono Boost)  
  34  3:05  Probe (Chrono Boost)  
  34  3:09  Probe (Chrono Boost)  
  34  3:11  Nexus  
  37  3:21  Probe (Chrono Boost)  
  37  3:22  Probe (Chrono Boost)  
  37  3:26  Probe (Chrono Boost)  
  37  3:28  Probe (Chrono Boost)  
  39  3:35  Probe  
  39  3:38  Pylon  
  39  3:40  Probe  
  41  3:42  Shield Battery  
  42  3:50  Probe (Chrono Boost)  
  42  3:52  Probe (Chrono Boost)  
  45  4:03  Probe (Chrono Boost)  
  45  4:04  Probe (Chrono Boost)  
  45  4:08  Probe (Chrono Boost)  
  46  4:15  Probe (Chrono Boost)  
  47  4:19  Probe (Chrono Boost)  
  49  4:27  Probe (Chrono Boost)  
  49  4:28  Probe (Chrono Boost)  
  49  4:29  Probe (Chrono Boost)  
  54  4:39  Probe x2 (Chrono Boost)  
  54  4:42  Probe (Chrono Boost)  
  54  4:45  Probe (Chrono Boost)  
  56  4:46  Probe (Chrono Boost)  
  56  4:52  Probe (Chrono Boost)  
  57  4:57  Probe (Chrono Boost)  
  57  4:59  Probe (Chrono Boost)  
  59  5:02  Probe (Chrono Boost)  
  59  5:03  Probe (Chrono Boost)  
  59  5:05  Probe (Chrono Boost)  
  62  5:11  Probe (Chrono Boost)  
Show
View Real Time Build Order
Export as new Build Order

IA (très facile) Terran - Winner!

Build Orders:  

Get SALT Encoding   

  12  0:00  SCV  
  13  0:13  SCV  
  14  0:18  Supply Depot  
  14  0:37  Refinery  
  14  0:42  Barracks  
  14  1:03  Supply Depot  
  14  1:12  Refinery  
  14  1:30  Orbital Command, Marine  
  15  1:55  SCV  
  16  2:07  SCV  
  17  2:11  Barracks Tech Lab  
  17  2:19  SCV  
  18  2:29  Marauder  
  20  2:31  SCV  
  21  2:43  SCV  
  22  2:55  SCV  
  23  3:09  Marine  
Tags
 
Add a new tag
Caveats
  • Supply blocks, unpowered buildings, or Contaminate may cause inaccurate times.
  • Supply counts are checked every 10 seconds.